 Dungeon Crawl Stone Soup version 0.26-a0-455-g0958c023ba (webtiles) character file.

Game seed: 16757547731849430011

2524 vurker the Fighter (level 9, -2/67 HPs)
             Began as a Kobold Delver on July 28, 2020.
             Slain by an ice beast (13 damage)
             ... on level 7 of the Dungeon.
             The game lasted 00:09:48 (7049 turns).

vurker the Fighter (Kobold Delver)                  Turns: 7049, Time: 00:09:48

Health: -2/67      AC:  9    Str: 13    XL:     9   Next: 84%
Magic:  9/9        EV: 10    Int: 11    God:
Gold:   325        SH:  0    Dex: 16    Spells: 8/8 levels left

rFire    . . .     SeeInvis .   w - +0 short sword (speed)
rCold    . . .     Faith    .   (shield restricted)
rNeg     . . .     Spirit   .   B - +0 chain mail
rPois    +         Reflect  .   r - +0 helmet (curse)
rElec    .         Harm     .   (no cloak)
rCorr    .                      (no gloves)
MR       +....                  (no boots)
Stlth    +.........             e - amulet of regeneration
HPRegen  0.61/turn              o - ring of protection from magic
MPRegen  0.11/turn              D - ring of poison resistance

@: no status effects
A: small, nightstalker 3
a: no special abilities


You were on level 7 of the Dungeon.
You visited 1 branch of the dungeon, and saw 7 of its levels.

You collected 325 gold pieces.

Inventory:

Hand Weapons
 w - a +0 short sword of speed (weapon)
   (You took it off a kobold on level 2 of the Dungeon)
 A - a +2 dagger of venom
   (You took it off an orc wizard on level 4 of the Dungeon)
 G - a +0 broad axe
   (You found it on level 7 of the Dungeon)
Missiles
 p - 93 bolts
Armour
 r - a cursed +0 helmet (worn)
   (You found it on level 7 of the Dungeon)
 B - a +0 chain mail (worn)
   (You took it off an orc priest on level 4 of the Dungeon)
Jewellery
 e - an amulet of regeneration (around neck)
   (You found it on level 2 of the Dungeon)
 o - a ring of protection from magic (left hand)
   (You found it on level 1 of the Dungeon)
 D - a ring of poison resistance (right hand)
   (You took it off a gnoll on level 5 of the Dungeon)
Wands
 t - a wand of flame (9)
   (You took it off Ijyb on level 3 of the Dungeon)
 v - a wand of digging (9)
Scrolls
 b - 7 scrolls of remove curse {unknown}
 c - 3 scrolls of fog
 d - 4 scrolls of magic mapping
 g - 14 scrolls of identify {unknown}
 h - 3 scrolls of blinking {unknown}
 i - 6 scrolls of teleportation {unknown}
 k - 2 scrolls of enchant weapon {unknown}
 s - 2 scrolls of immolation {unknown}
 y - 2 scrolls of fear
 z - a scroll of enchant armour {unknown}
 F - a scroll of random uselessness {unknown}
 H - a scroll of vulnerability {unknown}
Potions
 a - a potion of mutation {unknown}
 f - a potion of haste
 j - 2 potions of heal wounds
 l - a potion of degeneration {unknown}
 m - 2 potions of might {unknown}
 n - 2 potions of lignification {unknown}
 q - a potion of curing {unknown}
 u - 2 potions of flight {unknown}
 x - a potion of ambrosia {unknown}
 C - a potion of stabbing {unknown}
 E - a potion of cancellation {unknown}


   Skills:
 + Level 12.7 Fighting
 - Level 5.0 Short Blades
 - Level 5.0 Dodging
 - Level 6.6 Stealth


You had 8 spell levels left.
You didn't know any spells.
Your spell library was empty.

Dungeon Overview and Level Annotations

Branches:
Dungeon (7/15)
 Temple: D:4-7

Altars:
Dithmenos
Elyvilon
Nemelex Xobeh
Trog
Vehumet
Xom


Innate Abilities, Weirdness & Mutations

You are small and have problems with some larger weapons.
You are completely attuned to the shadows.


Message History

The orc hits you but does no damage.
You hit the orc.
You kill the orc!
The orc hits you with a +0 mace.
The orc warrior hits you from afar with a +0 trident!!
* * * LOW HITPOINT WARNING * * *
The orc hits you but does no damage.
Things that are here:
a +0 dagger; a kobold corpse; a kobold corpse
Items here: ( ) [ †.
Things that are here:
a +0 club; an orc corpse
Items here: ( )) [ †.
Your +2 dagger of venom stops dripping with poison.
Your hands tingle!
w - a +0 short sword of speed (weapon)
You hit the orc. The orc hits you with a +0 mace.
* * * LOW HITPOINT WARNING * * *
You hit the orc but do no damage. You hit the orc.
You kill the orc!
Huh? x3
Huh? x4
Okay, then.
Unknown command.
Unknown command.
You barely miss the ice beast. The ice beast barely misses you.
You hit the ice beast but do no damage. You hit the ice beast.
The orc warrior barely misses you.
The ice beast hits you but does no damage.
You hit the ice beast but do no damage. You closely miss the ice beast.
The orc warrior hits you from afar with a +0 trident!
* * * LOW HITPOINT WARNING * * *
The ice beast closely misses you.
You hit the ice beast. You hit the ice beast.
The orc warrior barely misses you. The ice beast closely misses you.
You hit the ice beast but do no damage. The orc warrior misses you.
You hit the ice beast. The ice beast closely misses you.
Your chain mail prevents you from hitting the ice beast.
The ice beast hits you but does no damage.
The orc warrior barely misses you.
You closely miss the ice beast. You barely miss the ice beast.
The ice beast closely misses you.
You hit the ice beast. The orc warrior barely misses you.
You hit the ice beast. The ice beast hits you.
* * * LOW HITPOINT WARNING * * *
The ice beast freezes you!
You die...

##.(#......#.#.#
>#..)[[....#.#.#
####..[...)#.#.#
#......(#.#.# ##.##.###
#.# # #..#.# #.# ..
##.#.# #.#
##.##########...###.#.#
...).))oY@..........#.#
...).#########...####.#
.....# ##.).)<#.#
.....# ##...###.#
...... .....# #.#
####÷.###.# .........#
.........# .........#


You could see an orc warrior and an ice beast.

Vanquished Creatures
  A hippogriff (D:7)
  A water moccasin (D:6)
  Duvessa (D:5)
  3 ice beasts
  A sky beast (D:6)
  3 ogres
  An orc warrior (D:6)
  A centaur (D:5)
  A big kobold (D:7)
  3 bullfrogs
  Dowan (D:5)
  A scorpion (D:2)
  A water moccasin skeleton (D:5)
  2 howler monkeys
  A hound (D:5)
  A jelly (D:4)
  A bullfrog skeleton (D:4)
  3 orc priests
  An iguana (D:4)
  Jessica (D:3)
  Ijyb (D:3)
  Terence (D:3)
  5 orc wizards
  5 worker ants
  2 worker ant zombies
  6 gnolls
  8 adders
  A shadow imp (D:6)
  2 white imps (D:5)
  An ufetubus (D:6)
  An ooze (D:4)
  An adder zombie (D:7)
  3 worms
  A leopard gecko (D:1)
  27 orcs
  A ball python (D:1)
  10 bats
  3 giant cockroaches
  9 goblins
  9 hobgoblins
  5 jackals
  10 kobolds
  2 quokkas
  8 frilled lizards
  A leopard gecko zombie (D:4)
  3 quokka zombies
  11 rats
166 creatures vanquished.

Notes
Turn   | Place    | Note
-------+----------+-------------------------------------------
     0 | D:5      | vurker the Kobold Delver began the quest for the Orb.
     0 | D:5      | Reached XP level 1. HP: 14/14 MP: 1/1
    41 | D:5      | Noticed an ice beast
    59 | D:5      | Noticed an ice beast
   102 | D:5      | Noticed Duvessa
   118 | D:5      | Killed an ice beast
   118 | D:5      | Reached skill level 4 in Fighting
   118 | D:5      | Reached skill level 5 in Short Blades
   118 | D:5      | Reached XP level 2. HP: 20/20 MP: 2/2
   118 | D:5      | Reached XP level 3. HP: 24/24 MP: 3/3
   118 | D:5      | Reached XP level 4. HP: 30/30 MP: 4/4
   276 | D:3      | Reached XP level 5. HP: 34/34 MP: 5/5
   284 | D:3      | Noticed Terence
  1590 | D:2      | Reached skill level 5 in Fighting
  1709 | D:2      | Found a radiant altar of Vehumet.
  1764 | D:2      | Reached XP level 6. HP: 18/40 MP: 6/6
  2615 | D:3      | You fall into a shaft and drop 3 floors!
  2793 | D:4      | Reached skill level 6 in Fighting
  2793 | D:4      | Reached XP level 7. HP: 35/46 MP: 7/7
  2855 | D:4      | Reached skill level 5 in Dodging
  2959 | D:3      | Killed Terence
  2959 | D:3      | Reached skill level 7 in Fighting
  3060 | D:3      | Noticed Ijyb
  3064 | D:3      | Killed Ijyb
  3224 | D:3      | Noticed Jessica
  3235 | D:3      | Killed Jessica
  3680 | D:4      | Found a shimmering altar of Xom.
  3681 | D:4      | Found a shimmering altar of Xom.
  3685 | D:4      | Found a shimmering altar of Xom.
  3692 | D:4      | Found a bloodstained altar of Trog.
  3795 | D:4      | Reached XP level 8. HP: 54/54 MP: 8/8
  3889 | D:4      | Reached skill level 8 in Fighting
  4529 | D:5      | Found a sparkling altar of Nemelex Xobeh.
  4578 | D:5      | Got a steaming ring mail
  4589 | D:5      | Identified the +5 ring mail "Atywuel" {-Tele Str+4 Slay+3}
                  | (You found it on level 5 of the Dungeon)
  4656 | D:5      | Found a shadowy altar of Dithmenos.
  4659 | D:5      | Found a white marble altar of Elyvilon.
  4668 | D:5      | Reached skill level 9 in Fighting
  5215 | D:5      | Noticed Dowan
  5240 | D:5      | Killed Duvessa
  5240 | D:5      | Reached skill level 10 in Fighting
  5243 | D:5      | Killed Dowan
  5450 | D:5      | Got a pair of scorched boots
  5456 | D:5      | Identified the +1 pair of boots of Inevitability {*Corrode
                  | rN+ Regen+ Str+4} (You found it on level 5 of the Dungeon)
  5753 | D:6      | Reached XP level 9. HP: 58/63 MP: 9/9
  5945 | D:6      | Reached skill level 11 in Fighting
  6501 | D:7      | Noticed a hippogriff
  6517 | D:7      | Killed a hippogriff
  6517 | D:7      | Reached skill level 12 in Fighting
  7049 | D:7      | Slain by an ice beast

Illustrated notes

Levels and vault maps discovered:
D:1:      saegor_arrival_simple_e, layout_loops_ring
D:2:      layout_loops_corners, vehumet_crystals, minmay_quadrilaterals
D:3:      layout_basic, amethyst_killhole, uniq_terence, uniq_jessica, uniq_ijyb
D:4:      layout_loops_ring, bloody_trog, enter_ossuary_4,
          hangedman_feature_mirror, xom_redecorated
D:5:      layout_layer_cave, grunt_temple_overflow_open, uniq_duvessa
D:6:      layout_rooms
D:7:      layout_basic, nicolae_overflow_hidden_temple,
          minmay_temple_entry_sparse_star, minmay_curled_crystal,
          columned_hall_lemuel, nicolae_gozag_seed_capital

Skill      XL: |  1  2  3  4  5  6  7  8  9 |
---------------+----------------------------+-----
Fighting       | 4 5 6 7 10 12 | 12.7
Short Blades   | 5 |  5.0
Dodging        | 3 4 5 |  5.0
Stealth        | |  6.6

Action                   |  1- 3 |  4- 6 |  7- 9 || total
-------------------------+-------+-------+-------++-------
Melee: Short sword       |     2 |   239 |   167 ||   408
       Dagger            |       |       |   417 ||   417
 Stab: Sleeping          |     2 |    31 |    10 ||    43
Armor: Ring mail         |       |    38 |    11 ||    49
       Scale mail        |       |       |    13 ||    13
       Chain mail        |       |       |   158 ||   158
Dodge: Dodged            |       |   116 |   242 ||   358

Table legend: (Time is in decaauts)
 A = Elapsed time spent in this place.
 B = Non-inter-level travel time spent in this place.
 C = Inter-level travel time spent in this place.
 D = Time resting spent in this place.
 E = Time spent auto-exploring this place.
 F = Levels seen in this place.
 G = Mean time per level.
                   A        B        C        D        E       F      G
               +--------+--------+--------+--------+--------+-----+--------+
         Total |   6804 |   6651 |    153 |     80 |   5187 |   7 |  972.0 |
       Dungeon |   6804 |   6651 |    153 |     80 |   5187 |   7 |  972.0 |
               +--------+--------+--------+--------+--------+-----+--------+

Top non-repeatable levels by time:
     D:5: 1448 daAuts
     D:2: 1329 daAuts
     D:4: 902 daAuts
     D:3: 901 daAuts
     D:1: 836 daAuts
     D:7: 774 daAuts
     D:6: 612 daAuts
